TOP OF THE 1ST |
University of California Golden Bears batting - Pitching for Wichita State University Shockers : RHP Kyle Gray
|
Pitching: RHP Kyle Gray
|
|
Batting: LHB Luis Orellana
|
0-0: Ball 1-0: Foul Ball, location: 2F 1-1: Swinging Strike 1-2: Foul Ball, location: 2F 1-2: Strikes out swinging
|
Batting: LHB Mario Molina
|
0-0: Ball 1-0: Swinging Strike 1-1: Swinging Strike 1-2: Foul Ball, location: 2F 1-2: Strikes out swinging
|
Batting: LHB Carlos Gaona
|
0-0: Ball 1-0: Foul Ball, location: 2F 1-1: Fly out, F5 (Popup, 5S, EV 80.6 MPH)
|
Top of the 1st over - 0 runs, 0 hits, 0 errors, 0 left on base; University of California 0 - Wichita State University 0 |
BOTTOM OF THE 1ST |
Wichita State University Shockers batting - Pitching for University of California Golden Bears : LHP Chee-hwa Thean
|
Pitching: LHP Chee-hwa Thean
|
|
Batting: LHB Kyle Lee
|
0-0: Called Strike 0-1: Ground out 4-3 (Groundball, 34, EV 88.8 MPH)
|
Batting: RHB Byron Whitehead
|
0-0: Foul Ball, location: 2F 0-1: Ground out 6-3 (Groundball, 6, EV 80.0 MPH)
|
Batting: LHB Carlos Flores
|
0-0: Called Strike 0-1: Ball 1-1: Foul Ball, location: 2F 1-2: Foul Ball, location: 2F 1-2: Fly out, F9 (Flyball, 9, EV 97.5 MPH)
|
Bottom of the 1st over - 0 runs, 0 hits, 0 errors, 0 left on base; University of California 0 - Wichita State University 0 |
TOP OF THE 2ND |
University of California Golden Bears batting - Pitching for Wichita State University Shockers : RHP Kyle Gray
|
Batting: SHB Nick Jansen
|
0-0: Ball 1-0: Called Strike 1-1: Called Strike 1-2: Strikes out looking
|
Batting: RHB Juan Debayle
|
0-0: Ball 1-0: Swinging Strike 1-1: DOUBLE (Line Drive, 78D, EV 110.6 MPH)
|
Batting: RHB Mike Wilson
|
0-0: SINGLE (Groundball, 5D, EV 103.1 MPH) Juan Debayle to third
|
Batting: RHB Marcos Zamora
|
0-0: Called Strike Mike Wilson steals 2nd base 0-1: Foul Ball, location: 2F 0-2: Foul Ball, location: 2F 0-2: Ball 1-2: Fly out, F7 (Flyball, 78S, EV 85.6 MPH)
|
Batting: RHB Jake Ralston
|
0-0: Ball 1-0: Called Strike 1-1: Called Strike 1-2: Strikes out swinging
|
Top of the 2nd over - 0 runs, 2 hits, 0 errors, 2 left on base; University of California 0 - Wichita State University 0 |
BOTTOM OF THE 2ND |
Wichita State University Shockers batting - Pitching for University of California Golden Bears : LHP Chee-hwa Thean
|
Batting: RHB Jason Adelstein
|
0-0: Ball 1-0: Foul Ball, location: 2F 1-1: Foul Ball, location: 2F 1-2: SINGLE (Flyball, 9S, EV 94.4 MPH)
|
Batting: RHB Lucio Baratta
|
0-0: Ball 1-0: Fly out, F7 (Flyball, 78D, EV 96.2 MPH)
|
Batting: RHB Jeff Grant
|
0-0: Called Strike 0-1: Fly out, F7 (Flyball, 7LM, EV 93.1 MPH)
|
Batting: SHB Mike Chafe
|
0-0: Ground out 4-3 (Groundball, 4, EV 100.6 MPH)
|
Bottom of the 2nd over - 0 runs, 1 hit, 0 errors, 1 left on base; University of California 0 - Wichita State University 0 |
TOP OF THE 3RD |
University of California Golden Bears batting - Pitching for Wichita State University Shockers : RHP Kyle Gray
|
Batting: LHB Jonathan Sosa
|
0-0: Called Strike 0-1: Ball 1-1: Foul Ball, location: 2F 1-2: Ground out 6-3 (Groundball, 6MD, EV 107.5 MPH)
|
Batting: LHB Luis Orellana
|
0-0: Ball 1-0: Ball 2-0: Called Strike 2-1: Ball 3-1: Called Strike 3-2: Fly out, F6 (Line Drive, 6M, EV 62.5 MPH)
|
Batting: LHB Mario Molina
|
0-0: Ball 1-0: Called Strike 1-1: Ball 2-1: Foul Ball, location: 2F 2-2: Foul Ball, location: 2F 2-2: Foul Ball, location: 2F 2-2: Foul Ball, location: 2F 2-2: Foul Ball, location: 2F 2-2: Fly out, F9 (Flyball, 9, EV 85.6 MPH)
|
Top of the 3rd over - 0 runs, 0 hits, 0 errors, 0 left on base; University of California 0 - Wichita State University 0 |
BOTTOM OF THE 3RD |
Wichita State University Shockers batting - Pitching for University of California Golden Bears : LHP Chee-hwa Thean
|
Batting: RHB Larry Hogue
|
0-0: Called Strike 0-1: Ball 1-1: SINGLE (Groundball, 4MD, EV 96.2 MPH)
|
Batting: RHB Joe Succo
|
0-0: Foul Ball, location: 2F 0-1: Ball 1-1: Foul Ball, location: 2F 1-2: Ball Wild Pitch! Larry Hogue to second 2-2: Strikes out looking
|
Batting: LHB Kyle Lee
|
0-0: Ball 1-0: Called Strike 1-1: Ball 2-1: DOUBLE (Flyball, 8LXD, EV 97.5 MPH) Larry Hogue scores
|
Batting: RHB Byron Whitehead
|
0-0: Ball 1-0: Fly out, F9 (Flyball, 9, EV 85.6 MPH)
|
Batting: LHB Carlos Flores
|
0-0: Ball 1-0: Ball 2-0: Swinging Strike 2-1: Foul Ball, location: 2F 2-2: Strikes out looking
|
Bottom of the 3rd over - 1 run, 2 hits, 0 errors, 1 left on base; University of California 0 - Wichita State University 1 |
TOP OF THE 4TH |
University of California Golden Bears batting - Pitching for Wichita State University Shockers : RHP Kyle Gray
|
Batting: LHB Carlos Gaona
|
0-0: Ball 1-0: SOLO HOME RUN (Flyball, 7D, EV 108.1 MPH), Distance : 414 ft
|
Batting: SHB Nick Jansen
|
0-0: Called Strike 0-1: Ball 1-1: Ball 2-1: Swinging Strike 2-2: Ball 3-2: Base on Balls
|
Batting: RHB Juan Debayle
|
0-0: Grounds into double play, 4-6-3 (Groundball, 4, EV 99.4 MPH)
|
Batting: RHB Mike Wilson
|
0-0: Ball 1-0: Ground out 4-3 (Groundball, 4, EV 108.1 MPH)
|
Top of the 4th over - 1 run, 1 hit, 0 errors, 0 left on base; University of California 1 - Wichita State University 1 |
BOTTOM OF THE 4TH |
Wichita State University Shockers batting - Pitching for University of California Golden Bears : LHP Chee-hwa Thean
|
Batting: RHB Jason Adelstein
|
0-0: Ball 1-0: Foul Ball, location: 2F 1-1: Called Strike 1-2: Ground out 6-3 (Groundball, 56, EV 80.6 MPH)
|
Batting: RHB Lucio Baratta
|
0-0: Called Strike 0-1: Foul Ball, location: 2F 0-2: Ball 1-2: Hit by Pitch
|
Batting: RHB Jeff Grant
|
0-0: Ball 1-0: Foul Ball, location: 2F 1-1: Foul Ball, location: 2F 1-2: Foul Ball, location: 2F 1-2: Grounds into double play, 6-4-3 (Groundball, 6, EV 87.5 MPH)
|
Bottom of the 4th over - 0 runs, 0 hits, 0 errors, 0 left on base; University of California 1 - Wichita State University 1 |
TOP OF THE 5TH |
University of California Golden Bears batting - Pitching for Wichita State University Shockers : RHP Kyle Gray
|
Now at 2B: Alex Zeledon
|
|
Now in LF: Greg Burton
|
|
Batting: RHB Marcos Zamora
|
0-0: Fly out, F7 (Flyball, 7D, EV 78.1 MPH)
|
Batting: RHB Jake Ralston
|
0-0: Ball 1-0: Ground out 6-3 (Groundball, 6, EV 81.9 MPH)
|
Batting: LHB Jonathan Sosa
|
0-0: Ground out 5-3 (Groundball, 56, EV 83.8 MPH)
|
Top of the 5th over - 0 runs, 0 hits, 0 errors, 0 left on base; University of California 1 - Wichita State University 1 |
BOTTOM OF THE 5TH |
Wichita State University Shockers batting - Pitching for University of California Golden Bears : LHP Chee-hwa Thean
|
Batting: SHB Mike Chafe
|
0-0: SOLO HOME RUN (Flyball, 78XD, EV 115.6 MPH), Distance : 447 ft
|
Batting: RHB Larry Hogue
|
0-0: Ball 1-0: Foul Ball, location: 2F 1-1: Swinging Strike 1-2: Strikes out swinging
|
Batting: RHB Joe Succo
|
0-0: Ball 1-0: Fly out, F8 (Line Drive, 8RD, EV 100.0 MPH)
|
Pinch Hitting: SHB Peter Faggard
|
0-0: Ball 1-0: Called Strike 1-1: Ground out 6-3 (Groundball, 6S, EV 81.9 MPH)
|
Bottom of the 5th over - 1 run, 1 hit, 0 errors, 0 left on base; University of California 1 - Wichita State University 2 |
TOP OF THE 6TH |
University of California Golden Bears batting - Pitching for Wichita State University Shockers : RHP Kyle Gray
|
Now at SS: Troy Davies
|
|
Now in RF: Chad Bosarge
|
|
Batting: LHB Luis Orellana
|
0-0: Swinging Strike 0-1: Foul Ball, location: 2F 0-2: Foul Ball, location: 2F 0-2: Ball 1-2: Ball 2-2: Fly out, F8 (Flyball, 8LD, EV 103.8 MPH)
|
Pinch Hitting: RHB Nate Mahon
|
0-0: Ball 1-0: Ball 2-0: Called Strike 2-1: Ball 3-1: Base on Balls
|
Batting: LHB Carlos Gaona
|
0-0: Fielders Choice at 2nd, 2-6 (Groundball, 2R, EV 72.5 MPH)
|
Batting: RHB Luis Rojas
|
0-0: Called Strike 0-1: Swinging Strike 0-2: Ball 1-2: Foul Ball, location: 2F 1-2: Foul Ball, location: 2F 1-2: Ball 2-2: Foul Ball, location: 2F 2-2: Strikes out looking
|
Top of the 6th over - 0 runs, 0 hits, 0 errors, 1 left on base; University of California 1 - Wichita State University 2 |
BOTTOM OF THE 6TH |
Wichita State University Shockers batting - Pitching for University of California Golden Bears : LHP Chee-hwa Thean
|
Now in LF: Nate Mahon
|
|
Batting: RHB Alex Zeledon
|
0-0: Called Strike 0-1: Ball 1-1: Swinging Strike 1-2: Ball 2-2: Foul Ball, location: 2F 2-2: Ground out 4-3 (Groundball, 4, EV 105.0 MPH)
|
Batting: LHB Troy Davies
|
0-0: Ball 1-0: Fly out, F8 (Flyball, 8RD, EV 89.4 MPH)
|
Batting: LHB Greg Burton
|
0-0: Ball 1-0: Ball 2-0: Foul Ball, location: 2F 2-1: Ball 3-1: Foul Ball, location: 2F 3-2: Ground out 6-3 (Groundball, 56, EV 84.4 MPH)
|
Bottom of the 6th over - 0 runs, 0 hits, 0 errors, 0 left on base; University of California 1 - Wichita State University 2 |
TOP OF THE 7TH |
University of California Golden Bears batting - Pitching for Wichita State University Shockers : RHP Kyle Gray
|
Pitching: RHP Jim Joy
|
|
Now at C: Tony Ortiz
|
|
Batting: RHB Juan Debayle
|
0-0: Ball 1-0: Swinging Strike 1-1: Ball 2-1: Fly out, F8 (Line Drive, 8LD, EV 104.4 MPH)
|
Batting: RHB Mike Wilson
|
0-0: Swinging Strike 0-1: Ball 1-1: Foul Ball, location: 2F 1-2: Foul Ball, location: 2F 1-2: Ball 2-2: SINGLE (Groundball, 4M, EV 97.5 MPH) (infield hit)
|
Batting: RHB Marcos Zamora
|
0-0: Called Strike 0-1: Foul Ball, location: 2F 0-2: Strikes out swinging
|
Batting: RHB Jake Ralston
|
0-0: Fly out, F8 (Flyball, 8RD, EV 108.1 MPH)
|
Top of the 7th over - 0 runs, 1 hit, 0 errors, 1 left on base; University of California 1 - Wichita State University 2 |
BOTTOM OF THE 7TH |
Wichita State University Shockers batting - Pitching for University of California Golden Bears : LHP Chee-hwa Thean
|
Pitching: LHP Adam Gavel
|
|
Batting: RHB Jordan Carr
|
0-0: Called Strike 0-1: Ball 1-1: Called Strike 1-2: Foul Ball, location: 2F 1-2: Ball 2-2: Foul Ball, location: 2F 2-2: Fly out, F9 (Flyball, 9, EV 91.9 MPH)
|
Pinch Hitting: RHB Kyle Gill
|
0-0: Ground out 4-3 (Groundball, 4, EV 93.1 MPH)
|
Pinch Hitting: RHB Marvin Coffey
|
0-0: Ball 1-0: Ball 2-0: SOLO HOME RUN (Flyball, 7D, EV 100.0 MPH), Distance : 397 ft
|
Batting: RHB Tony Ortiz
|
0-0: Called Strike 0-1: Fly out, F9 (Flyball, 9, EV 77.5 MPH)
|
Bottom of the 7th over - 1 run, 1 hit, 0 errors, 0 left on base; University of California 1 - Wichita State University 3 |
TOP OF THE 8TH |
University of California Golden Bears batting - Pitching for Wichita State University Shockers : RHP Jim Joy
|
Now at 1B: Dane Kelly
|
|
Now at 3B: Troy Davies
|
|
Now at SS: Kyle Gill
|
|
Batting: LHB Jonathan Sosa
|
0-0: Hit by Pitch
|
Batting: LHB Luis Orellana
|
0-0: Called Strike 0-1: Called Strike 0-2: Foul Ball, location: 2F 0-2: Ball 1-2: DOUBLE (Flyball, 8LXD, EV 101.2 MPH) Jonathan Sosa to third
|
Batting: RHB Nate Mahon
|
0-0: Ball 1-0: Ball 2-0: Foul Ball, location: 2F 2-1: SINGLE (Line Drive, 89S, EV 95.0 MPH) Jonathan Sosa scores Luis Orellana to third
|
Pitching: LHP John Schroeder
|
|
Batting: LHB Carlos Gaona
|
0-0: Called Strike 0-1: Called Strike 0-2: Foul Ball, location: 2F 0-2: Strikes out swinging
|
Pitching: RHP Keith Wilder
|
|
Batting: RHB Jason BĂ©llanger
|
0-0: Called Strike 0-1: Foul Ball, location: 2F 0-2: Ball 1-2: DOUBLE (Line Drive, 9LM, EV 100.0 MPH) Luis Orellana scores Nate Mahon to third
|
Batting: RHB Juan Debayle
|
0-0: Called Strike 0-1: Ball 1-1: Ball 2-1: Swinging Strike 2-2: Foul Ball, location: 2F 2-2: Foul Ball, location: 2F 2-2: Ball 3-2: Base on Balls
|
Batting: RHB Mike Wilson
|
0-0: Ball 1-0: Called Strike 1-1: Fly out, F8 (Flyball, 8LD, EV 103.1 MPH) Runner from 3rd tags up, SCORES, throw by CF
|
Batting: RHB Marcos Zamora
|
0-0: Ball 1-0: Called Strike 1-1: Ball 2-1: Ball 3-1: Base on Balls Jason BĂ©llanger to third Juan Debayle to second
|
Batting: RHB Jake Ralston
|
0-0: Fly out, F8 (Flyball, 8LD, EV 89.4 MPH)
|
Top of the 8th over - 3 runs, 3 hits, 0 errors, 3 left on base; University of California 4 - Wichita State University 3 |
BOTTOM OF THE 8TH |
Wichita State University Shockers batting - Pitching for University of California Golden Bears : LHP Adam Gavel
|
Pitching: RHP Jim Plessis
|
|
Batting: RHB Joe Succo
|
0-0: Called Strike 0-1: Foul Ball, location: 2F 0-2: DOUBLE (Flyball, 89D, EV 90.6 MPH)
|
Pinch Hitting: RHB Rick McGrath
|
0-0: Ball 1-0: Ball 2-0: Ball 3-0: Base on Balls
|
Batting: RHB Alex Zeledon
|
0-0: Ball 1-0: Bunted foul 1-1: Sac Bunt to 13S - play at first, batter safe! Joe Succo to third Rick McGrath to second
|
Batting: LHB Troy Davies
|
0-0: Grounds into double play, 3-2-3 (Groundball, 3, EV 88.1 MPH) Rick McGrath to third Alex Zeledon to second
|
Batting: LHB Greg Burton
|
0-0: Ball 1-0: Ball 2-0: Called Strike 2-1: Ball 3-1: Called Strike 3-2: Strikes out swinging
|
Bottom of the 8th over - 0 runs, 2 hits, 0 errors, 2 left on base; University of California 4 - Wichita State University 3 |
TOP OF THE 9TH |
University of California Golden Bears batting - Pitching for Wichita State University Shockers : RHP Keith Wilder
|
Pitching: RHP Steve Mattes
|
|
Now in RF: Rick McGrath
|
|
Batting: LHB Jonathan Sosa
|
0-0: DOUBLE (Line Drive, 9LM, EV 102.5 MPH)
|
Batting: LHB Luis Orellana
|
0-0: Ball 1-0: Called Strike 1-1: Ball 2-1: Ball 3-1: Base on Balls
|
Batting: RHB Nate Mahon
|
0-0: Called Strike 0-1: Ball 1-1: Ball 2-1: Ball 3-1: Called Strike 3-2: Foul Ball, location: 2F 3-2: Grounds into double play, 6-4-3 (Groundball, 6, EV 90.0 MPH) Jonathan Sosa to third
|
Pitching: LHP Alex Brown
|
|
Batting: LHB Carlos Gaona
|
0-0: Ball 1-0: Called Strike 1-1: Ground out 4-3 (Groundball, 4, EV 93.1 MPH)
|
Top of the 9th over - 0 runs, 1 hit, 0 errors, 1 left on base; University of California 4 - Wichita State University 3 |
BOTTOM OF THE 9TH |
Wichita State University Shockers batting - Pitching for University of California Golden Bears : RHP Jim Plessis
|
Pitching: RHP Steve Clothier
|
|
Batting: RHB Jordan Carr
|
0-0: Ball 1-0: Called Strike 1-1: Ball 2-1: Ball 3-1: Foul Ball, location: 2F 3-2: Base on Balls
|
Batting: RHB Kyle Gill
|
0-0: Ball 1-0: Called Strike 1-1: Foul Ball, location: 2F 1-2: Ball 2-2: SINGLE (Groundball, 56S, EV 66.9 MPH) (infield hit) Jordan Carr to second
|
Pinch Hitting: LHB Fletcher Lawton
|
0-0: Called Strike 0-1: Sac Bunt to 3S - play at third, runner OUT! 3-5 Kyle Gill to second
|
Batting: RHB Tony Ortiz
|
0-0: Ball 1-0: Called Strike 1-1: Swinging Strike 1-2: Foul Ball, location: 2F 1-2: Foul Ball, location: 2F 1-2: Ball 2-2: Strikes out looking
|
Batting: RHB Joe Succo
|
0-0: Hit by Pitch Kyle Gill to third Fletcher Lawton to second
|
Batting: RHB Rick McGrath
|
0-0: Called Strike 0-1: Swinging Strike 0-2: Ball 1-2: Strikes out swinging
|
Bottom of the 9th over - 0 runs, 1 hit, 0 errors, 3 left on base; University of California 4 - Wichita State University 3 |
|